TOP OF THE 1ST |
Bakersfield Nobles batting - Pitching for Phoenix Hotspur Reserves : RHP Alberto Solís
|
Pitching: RHP Alberto Solís
|
|
Batting: RHB Ed Adams
|
0-0: Ball 1-0: Ball 2-0: SOLO HOME RUN (Flyball, 7D), Distance : 390 ft
|
Batting: LHB Juan Alvarado
|
0-0: Called Strike 0-1: Ball 1-1: Called Strike 1-2: Strikes out swinging
|
Batting: SHB Edward Sterrenburg
|
0-0: Called Strike 0-1: Ball 1-1: DOUBLE (Flyball, 78XD)
|
Batting: LHB Jesús Reyes
|
0-0: Ground out 4-3 (Groundball, 4S) Edward Sterrenburg to third
|
Batting: RHB Lúcio López
|
0-0: Called Strike 0-1: Ball 1-1: Ball 2-1: Called Strike 2-2: Ball 3-2: Ground out 5-3 (Groundball, 56)
|
Top of the 1st over - 1 run, 2 hits, 0 errors, 1 left on base; Bakersfield 1 - Phoenix 0 |
BOTTOM OF THE 1ST |
Phoenix Hotspur Reserves batting - Pitching for Bakersfield Nobles : RHP Natalino Golaio
|
Pitching: RHP Natalino Golaio
|
|
Batting: RHB Lopahin Davletyarov
|
0-0: Ball 1-0: Fly out, F3 (Popup, 3SF)
|
Batting: RHB Sinfronio Vitor
|
0-0: Swinging Strike 0-1: Ball 1-1: Ball 2-1: Ball 3-1: Swinging Strike 3-2: Foul Ball, location: 2F 3-2: Foul Ball, location: 2F 3-2: Base on Balls
|
Batting: RHB Martín Talia
|
0-0: Called Strike 0-1: Swinging Strike 0-2: Ball 1-2: Strikes out looking Sinfronio Vitor steals 2nd base Batter strikes out.
|
Batting: RHB Hieronymus Bosch
|
0-0: Foul Ball, location: 2F 0-1: Ball 1-1: Ball 2-1: Ball 3-1: DOUBLE (Line Drive, 78D) Sinfronio Vitor scores
|
Batting: LHB Jason DeGeorge
|
0-0: Ball 1-0: SINGLE (Groundball, 6MD) Hieronymus Bosch to third Runner from 3rd tries for Home, SAFE, throw made home
|
Batting: RHB Solomon Norment
|
0-0: Ball Jason DeGeorge is caught stealing 2nd base
|
Bottom of the 1st over - 2 runs, 2 hits, 0 errors, 0 left on base; Bakersfield 1 - Phoenix 2 |
TOP OF THE 2ND |
Bakersfield Nobles batting - Pitching for Phoenix Hotspur Reserves : RHP Alberto Solís
|
Now in LF: Rubén Andrada
|
|
Batting: RHB Fortunato Rasquinha
|
0-0: Fly out, F5 (Line Drive, 5)
|
Batting: RHB Wade Killefer
|
0-0: Ball 1-0: Swinging Strike 1-1: Ball 2-1: Foul Ball, location: 2F 2-2: Fly out, F6 (Line Drive, 6M)
|
Batting: RHB Yu-shu Kang
|
0-0: Called Strike 0-1: Ball 1-1: Ball 2-1: Fly out, F7 (Line Drive, 7)
|
Top of the 2nd over - 0 runs, 0 hits, 0 errors, 0 left on base; Bakersfield 1 - Phoenix 2 |
BOTTOM OF THE 2ND |
Phoenix Hotspur Reserves batting - Pitching for Bakersfield Nobles : RHP Natalino Golaio
|
Batting: RHB Solomon Norment
|
0-0: Foul Ball, location: 2F 0-1: Ball 1-1: Foul Ball, location: 2F 1-2: Foul Ball, location: 2F 1-2: Foul Ball, location: 2F 1-2: Fly out, F8 (Flyball, 89D)
|
Batting: RHB José Souza
|
0-0: Ground out U3 (Groundball, 3)
|
Batting: RHB Germán Alfaro
|
0-0: Called Strike 0-1: Foul Ball, location: 2F 0-2: Foul Ball, location: 2F 0-2: Ball 1-2: Ball 2-2: SINGLE (Groundball, 56D)
|
Batting: RHB Francisco Arriagada
|
0-0: Foul Ball, location: 2F 0-1: Foul Ball, location: 2F 0-2: Ball 1-2: Hit by Pitch Germán Alfaro to second
|
Batting: RHB Lopahin Davletyarov
|
0-0: Called Strike 0-1: Ball 1-1: Ball 2-1: SINGLE (Line Drive, 4M) Germán Alfaro to third Francisco Arriagada to second Runner from 3rd tries for Home, SAFE, no throw
|
Batting: RHB Sinfronio Vitor
|
0-0: Ball Balk! Francisco Arriagada to third Lopahin Davletyarov to second 1-0: Called Strike 1-1: Ground out 6-3 (Groundball, 6)
|
Bottom of the 2nd over - 1 run, 2 hits, 0 errors, 2 left on base; Bakersfield 1 - Phoenix 3 |
TOP OF THE 3RD |
Bakersfield Nobles batting - Pitching for Phoenix Hotspur Reserves : RHP Alberto Solís
|
Batting: LHB Hideki Hisanobu
|
0-0: DOUBLE (Line Drive, 78D)
|
Batting: RHB Ed Adams
|
0-0: Ball 1-0: Ball 2-0: Ball 3-0: Called Strike 3-1: Fly out, F8 (Flyball, 8LD) Runner from 2nd tags up, SAFE at 3rd with throw
|
Batting: LHB Juan Alvarado
|
0-0: Ball 1-0: Called Strike 1-1: Ball 2-1: DOUBLE (Line Drive, 89D) Hideki Hisanobu scores
|
Batting: SHB Edward Sterrenburg
|
0-0: Ball 1-0: Called Strike 1-1: Ball 2-1: Called Strike Juan Alvarado steals 3rd base 2-2: Ball 3-2: Ground out 4-3 (Groundball, 4) Juan Alvarado scores
|
Batting: LHB Jesús Reyes
|
0-0: Called Strike 0-1: Foul Ball, location: 2F 0-2: Strikes out swinging, 2-3 out at first.
|
Top of the 3rd over - 2 runs, 2 hits, 0 errors, 0 left on base; Bakersfield 3 - Phoenix 3 |
BOTTOM OF THE 3RD |
Phoenix Hotspur Reserves batting - Pitching for Bakersfield Nobles : RHP Natalino Golaio
|
Batting: RHB Martín Talia
|
0-0: Swinging Strike 0-1: Fly out, F8 (Flyball, 8RM)
|
Batting: RHB Rubén Andrada
|
0-0: Foul Ball, location: 2F 0-1: Foul Ball, location: 2F 0-2: Fly out, F9 (Flyball, 9LS)
|
Batting: LHB Jason DeGeorge
|
0-0: SINGLE (Line Drive, 56)
|
Batting: RHB Solomon Norment
|
0-0: Foul Ball, location: 2F 0-1: Called Strike Jason DeGeorge steals 2nd base 0-2: Fly out, F7 (Flyball, 7LSF)
|
Bottom of the 3rd over - 0 runs, 1 hit, 0 errors, 1 left on base; Bakersfield 3 - Phoenix 3 |
TOP OF THE 4TH |
Bakersfield Nobles batting - Pitching for Phoenix Hotspur Reserves : RHP Alberto Solís
|
Batting: RHB Lúcio López
|
0-0: Ball 1-0: Ball 2-0: Foul Ball, location: 2F 2-1: Swinging Strike 2-2: Strikes out swinging
|
Batting: RHB Fortunato Rasquinha
|
0-0: Ball 1-0: Ground out 6-3 (Groundball, 6)
|
Batting: RHB Wade Killefer
|
0-0: Called Strike 0-1: Foul Ball, location: 2F 0-2: Ball 1-2: Strikes out swinging
|
Top of the 4th over - 0 runs, 0 hits, 0 errors, 0 left on base; Bakersfield 3 - Phoenix 3 |
BOTTOM OF THE 4TH |
Phoenix Hotspur Reserves batting - Pitching for Bakersfield Nobles : RHP Natalino Golaio
|
Batting: RHB José Souza
|
0-0: Ball 1-0: SINGLE (Groundball, 6MD)
|
Batting: RHB Germán Alfaro
|
0-0: Called Strike 0-1: Grounds into double play, 5-4-3 (Groundball, 5)
|
Batting: RHB Francisco Arriagada
|
0-0: SINGLE (Flyball, 78S)
|
Batting: RHB Lopahin Davletyarov
|
0-0: Called Strike 0-1: Foul Ball, location: 2F 0-2: Ball 1-2: Strikes out swinging
|
Bottom of the 4th over - 0 runs, 2 hits, 0 errors, 1 left on base; Bakersfield 3 - Phoenix 3 |
TOP OF THE 5TH |
Bakersfield Nobles batting - Pitching for Phoenix Hotspur Reserves : RHP Alberto Solís
|
Batting: RHB Yu-shu Kang
|
0-0: Hit by Pitch
|
Batting: LHB Hideki Hisanobu
|
0-0: Ball 1-0: Swinging Strike 1-1: Ground out 5-3 (Groundball, 56S) Yu-shu Kang to second
|
Batting: RHB Ed Adams
|
0-0: Ball 1-0: Called Strike 1-1: Called Strike 1-2: Fly out, F7 (Line Drive, 78M)
|
Batting: LHB Juan Alvarado
|
0-0: Called Strike 0-1: Foul Ball, location: 2F 0-2: Foul Ball, location: 2F 0-2: Ball 1-2: Ground out 5-3 (Groundball, 5)
|
Top of the 5th over - 0 runs, 0 hits, 0 errors, 1 left on base; Bakersfield 3 - Phoenix 3 |
BOTTOM OF THE 5TH |
Phoenix Hotspur Reserves batting - Pitching for Bakersfield Nobles : RHP Natalino Golaio
|
Batting: RHB Sinfronio Vitor
|
0-0: Called Strike 0-1: Ball 1-1: Ball 2-1: Ball 3-1: Base on Balls
|
Batting: RHB Martín Talia
|
0-0: SINGLE (Groundball, 34) (infield hit) Sinfronio Vitor to second
|
Batting: RHB Rubén Andrada
|
0-0: Ball 1-0: Called Strike 1-1: Swinging Strike 1-2: Strikes out swinging
|
Batting: LHB Jason DeGeorge
|
0-0: Fly out, F7 (Flyball, 78D)
|
Batting: RHB Solomon Norment
|
0-0: Called Strike 0-1: Ball 1-1: Called Strike 1-2: Strikes out swinging
|
Bottom of the 5th over - 0 runs, 1 hit, 0 errors, 2 left on base; Bakersfield 3 - Phoenix 3 |
TOP OF THE 6TH |
Bakersfield Nobles batting - Pitching for Phoenix Hotspur Reserves : RHP Alberto Solís
|
Batting: SHB Edward Sterrenburg
|
0-0: Ball 1-0: Called Strike 1-1: Ground out 5-3 (Groundball, 56S)
|
Batting: LHB Jesús Reyes
|
0-0: Called Strike 0-1: Foul Ball, location: 2F 0-2: Ball 1-2: Foul Ball, location: 2F 1-2: Foul Ball, location: 2F 1-2: Ball 2-2: Fly out, F9 (Flyball, 9)
|
Batting: RHB Lúcio López
|
0-0: Ball 1-0: Foul Ball, location: 2F 1-1: Swinging Strike 1-2: Ball 2-2: Ball 3-2: Foul Ball, location: 2F 3-2: Foul Ball, location: 2F 3-2: Foul Ball, location: 2F 3-2: Base on Balls
|
Batting: RHB Fortunato Rasquinha
|
0-0: Ground out 5-3 (Groundball, 56S)
|
Top of the 6th over - 0 runs, 0 hits, 0 errors, 1 left on base; Bakersfield 3 - Phoenix 3 |
BOTTOM OF THE 6TH |
Phoenix Hotspur Reserves batting - Pitching for Bakersfield Nobles : RHP Natalino Golaio
|
Batting: RHB José Souza
|
0-0: Called Strike 0-1: Called Strike 0-2: Fly out, F7 (Flyball, 7D)
|
Batting: RHB Germán Alfaro
|
0-0: Ball 1-0: Ball 2-0: Foul Ball, location: 2F 2-1: Ball 3-1: Called Strike 3-2: Ground out 6-3 (Groundball, 6)
|
Batting: RHB Francisco Arriagada
|
0-0: Called Strike 0-1: Foul Ball, location: 2F 0-2: Strikes out looking
|
Bottom of the 6th over - 0 runs, 0 hits, 0 errors, 0 left on base; Bakersfield 3 - Phoenix 3 |
TOP OF THE 7TH |
Bakersfield Nobles batting - Pitching for Phoenix Hotspur Reserves : RHP Alberto Solís
|
Batting: RHB Wade Killefer
|
0-0: Ball 1-0: Ball 2-0: Foul Ball, location: 2F 2-1: Swinging Strike 2-2: Foul Ball, location: 2F 2-2: Ball 3-2: Ground out 6-3 (Groundball, 6MS)
|
Batting: RHB Yu-shu Kang
|
0-0: Foul Ball, location: 2F 0-1: Ball 1-1: Ball 2-1: Ground out 6-3 (Groundball, 56)
|
Batting: LHB Hideki Hisanobu
|
0-0: Foul Ball, location: 2F 0-1: Ball 1-1: Called Strike 1-2: Ball 2-2: Ground out U3 (Groundball, 34S)
|
Top of the 7th over - 0 runs, 0 hits, 0 errors, 0 left on base; Bakersfield 3 - Phoenix 3 |
BOTTOM OF THE 7TH |
Phoenix Hotspur Reserves batting - Pitching for Bakersfield Nobles : RHP Natalino Golaio
|
Batting: RHB Lopahin Davletyarov
|
0-0: Foul Ball, location: 2F 0-1: Fly out, F8 (Flyball, 78S)
|
Batting: RHB Sinfronio Vitor
|
0-0: Ground out 5-3 (Groundball, 56S)
|
Batting: RHB Martín Talia
|
0-0: Ball 1-0: Foul Ball, location: 2F 1-1: Fly out, F4 (Line Drive, 4MD)
|
Bottom of the 7th over - 0 runs, 0 hits, 0 errors, 0 left on base; Bakersfield 3 - Phoenix 3 |
TOP OF THE 8TH |
Bakersfield Nobles batting - Pitching for Phoenix Hotspur Reserves : RHP Alberto Solís
|
Batting: RHB Ed Adams
|
0-0: Ball 1-0: Foul Ball, location: 2F 1-1: Ground out 6-3 (Groundball, 6)
|
Batting: LHB Juan Alvarado
|
0-0: Foul Ball, location: 2F 0-1: Ball 1-1: Foul Ball, location: 2F 1-2: Foul Ball, location: 2F 1-2: Ball 2-2: Foul Ball, location: 2F 2-2: Ground out 5-3 (Groundball, 5L)
|
Batting: SHB Edward Sterrenburg
|
0-0: Ball 1-0: Ball 2-0: Called Strike 2-1: Ball 3-1: Base on Balls
|
Pitching: RHP Dylan Guérin
|
|
Batting: LHB Jesús Reyes
|
0-0: Foul Ball, location: 2F 0-1: Ball 1-1: Foul Ball, location: 2F 1-2: Foul Ball, location: 2F 1-2: Ball 2-2: Foul Ball, location: 2F 2-2: Foul Ball, location: 2F 2-2: Ball 3-2: SINGLE (Line Drive, 9S) Edward Sterrenburg to second Edward Sterrenburg to third
|
Batting: RHB Lúcio López
|
0-0: Foul Ball, location: 2F 0-1: Called Strike 0-2: SINGLE (Groundball, 6MD) Edward Sterrenburg scores Jesús Reyes to second
|
Batting: RHB Fortunato Rasquinha
|
0-0: Foul Ball, location: 2F 0-1: Ball 1-1: Foul Ball, location: 2F 1-2: Foul Ball, location: 2F 1-2: Fielders Choice at 2nd, 6-4 (Groundball, 6)
|
Top of the 8th over - 1 run, 2 hits, 0 errors, 2 left on base; Bakersfield 4 - Phoenix 3 |
BOTTOM OF THE 8TH |
Phoenix Hotspur Reserves batting - Pitching for Bakersfield Nobles : RHP Natalino Golaio
|
Batting: RHB Rubén Andrada
|
0-0: Called Strike 0-1: Ground out 5-3 (Groundball, 56)
|
Pitching: LHP Leo Ingelbrigtsen
|
|
Batting: LHB Jason DeGeorge
|
0-0: Ball 1-0: Foul Ball, location: 2F 1-1: Ball 2-1: Ball 3-1: Fly out, F7 (Flyball, 7D)
|
Batting: RHB Solomon Norment
|
0-0: Called Strike 0-1: Ball 1-1: Called Strike 1-2: Strikes out swinging
|
Bottom of the 8th over - 0 runs, 0 hits, 0 errors, 0 left on base; Bakersfield 4 - Phoenix 3 |
TOP OF THE 9TH |
Bakersfield Nobles batting - Pitching for Phoenix Hotspur Reserves : RHP Dylan Guérin
|
Pitching: RHP Dennis Dunn
|
|
Batting: RHB Wade Killefer
|
0-0: SINGLE (Line Drive, 6M)
|
Pinch Hitting: LHB Ki-tak Im
|
0-0: Called Strike 0-1: Ground out U3 (Groundball, 3S) Wade Killefer to second
|
Batting: LHB Hideki Hisanobu
|
0-0: Foul Ball, location: 2F 0-1: Foul Ball, location: 2F 0-2: SINGLE (Groundball, 4M) (infield hit) Wade Killefer to third
|
Batting: RHB Ed Adams
|
0-0: SINGLE (Line Drive, 7LS) Wade Killefer scores Hideki Hisanobu to second
|
Batting: LHB Juan Alvarado
|
0-0: Foul Ball, location: 2F 0-1: Swinging Strike 0-2: Foul Ball, location: 2F 0-2: Ball 1-2: Strikes out looking
|
Batting: SHB Edward Sterrenburg
|
0-0: Ball 1-0: Fly out, F4 (Popup, 4S)
|
Top of the 9th over - 1 run, 3 hits, 0 errors, 2 left on base; Bakersfield 5 - Phoenix 3 |
BOTTOM OF THE 9TH |
Phoenix Hotspur Reserves batting - Pitching for Bakersfield Nobles : LHP Leo Ingelbrigtsen
|
Now in CF: Fernando Silva
|
|
Batting: RHB José Souza
|
0-0: Called Strike 0-1: Swinging Strike 0-2: Strikes out swinging
|
Batting: RHB Germán Alfaro
|
0-0: Called Strike 0-1: Called Strike 0-2: Ball 1-2: Ground out 4-3 (Groundball, 4)
|
Batting: RHB Francisco Arriagada
|
0-0: Ball 1-0: Ground out 5-3 (Groundball, 5L)
|
Bottom of the 9th over - 0 runs, 0 hits, 0 errors, 0 left on base; Bakersfield 5 - Phoenix 3 |
|